 Dungeon Sprint DCSS version 0.20.0-10-g0535bb4 (webtiles) character file.

6778 Amianthus the Bludgeoner (level 10, -6/111 HPs)
             Began as a Deep Dwarf Fighter on June 3, 2017.
             Was the Champion of Makhleb.
             Killed from afar by an orc sorcerer (15 damage)
             ... with a bolt of fire
             ... in the Dungeon (Sprint IX: "|||||||||||||||||||||||||||||").
             The game lasted 00:05:09 (1135 turns).

Amianthus the Bludgeoner (Deep Dwarf Fighter)       Turns: 1135, Time: 00:05:09

Health: -6/111     AC: 17    Str: 29    XL:     10   Next: 76%
Magic:  10/10      EV:  4    Int:  8    God:    Makhleb [******]
Gold:   3          SH: 10    Dex: 18    Spells: 9/9 levels left

rFire    . . .     SeeInvis .   q - +4 morningstar (crush)
rCold    . . .     Gourm    .   c - +0 shield
rNeg     . . .     Faith    .   u - +0 plate armour
rPois    .         Spirit   .   a - +2 helmet
rElec    .         Reflect  .   x - +2 cloak
rCorr    .         Harm     .   (no gloves)
MR       +....     NoTele   +   (no boots)
Stlth    ..........             (no amulet)
Regen    0.0/turn               r - +3 ring of dexterity
MPRegen  0.2/turn               s - +3 ring of dexterity

@: mighty, very slightly contaminated, non-regenerating, drained
A: damage resistance, heal wounds, sense surroundings 2, no regeneration
a: Heal Wounds, Minor Destruction, Lesser Servant of Makhleb, Major Destruction,
Greater Servant of Makhleb, Renounce Religion


You were in the Dungeon.
You worshipped Makhleb.
Makhleb was exalted by your worship.
You were not hungry.

You visited 1 branch You collected 3 gold pieces.

Inventory:

Hand Weapons
 q - a +4 morningstar of crushing (weapon)
Armour
 a - a +2 helmet (worn)
 c - a +0 shield (worn)
 u - a +0 plate armour (worn)
 x - a +2 cloak (worn)
Jewellery
 r - a +3 ring of dexterity (left hand)
 s - a +3 ring of dexterity (right hand)
Wands
 p - a wand of acid (7/15)
Scrolls
 j - a scroll of identify
 k - a scroll of blinking
 n - 4 scrolls of remove curse
 o - 2 scrolls of amnesia
Potions
 e - a potion of invisibility
 g - 2 potions of heal wounds
 h - 3 potions of brilliance
 i - 4 potions of magic
 m - 6 potions of curing
Comestibles
 f - 13 bread rations
 v - 40 fruits
 w - 12 meat rations


   Skills:
 + Level 13.7(13.0) Fighting
 * Level 19.6(18.8) Maces & Flails
 - Level 3.2(2.7) Armour
 - Level 3.2(2.7) Shields


You had 9 spell levels left.
You didn't know any spells.

Dungeon Overview and Level Annotations

Branches:
Dungeon (1/1)

Altars:
Cheibriados
Dithmenos
Elyvilon
Fedhas
Gozag
Hepliaklqana
Kikubaaqudgha
Makhleb
Nemelex Xobeh
Okawaru
Qazlal
Ru
Sif Muna
Trog
Uskayaw
Vehumet
Xom
Yredelemnul
Zin
The Shining One
Beogh
Jiyva
Lugonu


Innate Abilities, Weirdness & Mutations

You are resistant to damage.
You can heal yourself by infusing magical energy.
You passively map the area around you.
You do not regenerate.


Message History

Unknown command.
Blink to where?
Press: ? - help, Dir - move target cursor You are very lightly contaminated with residual magic.
As you read the scroll of blinking, it crumbles to dust.
All of the chunks of flesh in your inventory have rotted away.
You start waiting.
The orc sorcerer casts a spell at you. The bolt of fire hits you!
* * * LOW HITPOINT WARNING * * *
You block the orc sorcerer's attack.
You puncture the orc sorcerer!
The orc sorcerer is moderately wounded.
The orc sorcerer hits you with a dagger.
* * * LOW HITPOINT WARNING * * *
You hit the orc sorcerer but do no damage.
The orc sorcerer is moderately wounded.
The orc sorcerer gestures at you while chanting.
The bolt of fire hits you!
You die...

▓▓▓▓▓▓▓▓▓▓▓▓▓▓▓▓▓▓▓▓▓▓▓▓▓▓
▓<...).)...'.....'________
▓▓▓▓▓▓▓▓▓▓▓▓▓▓▓▓▓▓▓▓▓▓▓▓▓▓
▓.........................
▓.▓▓▓▓▓▓▓▓▓▓▓▓▓▓▓▓▓▓▓▓▓▓▓▓
▓.......'.....(|(.....†...
▓▓▓▓▓▓▓▓▓▓▓▓▓▓▓▓▓▓▓▓▓▓▓▓▓▓
▓.......o@................
▓.▓▓▓▓▓▓▓▓▓▓▓▓▓▓▓▓▓▓▓▓▓▓▓▓
▓.......4....()())))o34o..
▓▓▓▓▓▓▓▓▓▓▓▓▓▓▓▓▓▓▓▓▓▓▓▓▓▓
, , , * * ** * * , , , + ,
* ** * * * ** , , ,,, ,


You could see an orc sorcerer.

Vanquished Creatures
  A two-headed ogre (D)
  2 orc knights (D)
  A black mamba (D)
  2 spiny frogs (D)
  Joseph (D)
  A rime drake (D)
  2 komodo dragons (D)
  A troll (D)
  A hippogriff (D)
  A blink frog (D)
  3 yaks (D)
  2 vampire mosquitoes (D)
  A porcupine (D)
  3 water moccasins (D)
  An orc warrior (D)
  An ice beast (D)
  2 ogres (D)
  A wolf (D)
  2 centaurs (D)
  3 crocodiles (D)
  9 bullfrogs (D)
  A scorpion (D)
  A wight (D)
  A crimson imp (D)
  An orc priest (D)
  A hound (D)
  3 orc wizards (D)
  A gnoll (D)
  4 orcs (D)
  2 giant cockroaches (D)
  A hobgoblin (D)
  A quokka (D)
  2 rats (D)
60 creatures vanquished.

Notes
Turn   | Place    | Note
-------+----------+-------------------------------------------
     0 | D        | Amianthus the Deep Dwarf Fighter began the quest for the Orb.
     0 | D        | Reached XP level 1. HP: 20/20 MP: 1/1
    10 | D        | Reached skill level 3 in Maces & Flails
    26 | D        | Noticed a hound
    26 | D        | Noticed a scorpion
    26 | D        | Noticed a crimson imp
    26 | D        | Noticed an ogre
    32 | D        | Killed a hound
    32 | D        | Reached skill level 5 in Maces & Flails
    32 | D        | Reached XP level 2. HP: 25/30 MP: 2/2
    32 | D        | Reached XP level 3. HP: 30/36 MP: 3/3
    47 | D        | Reached skill level 6 in Maces & Flails
    55 | D        | Killed a scorpion
    55 | D        | Reached skill level 5 in Fighting
    55 | D        | Reached skill level 7 in Maces & Flails
    55 | D        | Reached XP level 4. HP: 36/46 MP: 4/4
    60 | D        | Reached skill level 8 in Maces & Flails
    65 | D        | Killed an ogre
    65 | D        | Reached skill level 9 in Maces & Flails
    65 | D        | Reached XP level 5. HP: 39/56 MP: 5/5
   137 | D        | Found a roughly hewn altar of Beogh.
   137 | D        | Found a snail-covered altar of Cheibriados.
   137 | D        | Found a shadowy altar of Dithmenos.
   137 | D        | Found a white marble altar of Elyvilon.
   137 | D        | Found a blossoming altar of Fedhas.
   137 | D        | Found an opulent altar of Gozag.
   138 | D        | Found a hazy altar of Hepliaklqana.
   139 | D        | Found a viscous altar of Jiyva.
   140 | D        | Found an ancient bone altar of Kikubaaqudgha.
   141 | D        | Found a corrupted altar of Lugonu.
   142 | D        | Found a burning altar of Makhleb.
   143 | D        | Found a sparkling altar of Nemelex Xobeh.
   144 | D        | Found an iron altar of Okawaru.
   145 | D        | Found a stormy altar of Qazlal.
   146 | D        | Found a sacrificial altar of Ru.
   147 | D        | Found a deep blue altar of Sif Muna.
   148 | D        | Found a bloodstained altar of Trog.
   149 | D        | Found a hide-covered altar of Uskayaw.
   150 | D        | Became a worshipper of Makhleb the Destroyer
   151 | D        | Found a radiant altar of Vehumet.
   153 | D        | Found a shimmering altar of Xom.
   154 | D        | Found a basalt altar of Yredelemnul.
   155 | D        | Found a glowing silver altar of Zin.
   156 | D        | Found a glowing golden altar of the Shining One.
   197 | D        | Noticed a centaur
   197 | D        | Noticed a centaur
   197 | D        | Noticed a yak
   203 | D        | Killed a centaur
   203 | D        | Reached skill level 10 in Maces & Flails
   203 | D        | Reached XP level 6. HP: 43/66 MP: 6/6
   207 | D        | Reached skill level 11 in Maces & Flails
   209 | D        | Reached * piety under Makhleb
   210 | D        | Reached skill level 12 in Maces & Flails
   215 | D        | Killed a yak
   215 | D        | Reached XP level 7. HP: 47/75 MP: 7/7
   217 | D        | Reached ** piety under Makhleb
   273 | D        | Noticed a troll
   273 | D        | Noticed a hippogriff
   273 | D        | Noticed a two-headed ogre
   281 | D        | Reached skill level 13 in Maces & Flails
   289 | D        | Killed a troll
   298 | D        | Killed a hippogriff
   298 | D        | Reached skill level 14 in Maces & Flails
   298 | D        | Reached XP level 8. HP: 51/86 MP: 8/8
   302 | D        | Killed a two-headed ogre
   302 | D        | Reached *** piety under Makhleb
   302 | D        | Reached skill level 10 in Fighting
   302 | D        | Reached skill level 15 in Maces & Flails
   540 | D        | Noticed a komodo dragon
   546 | D        | Reached **** piety under Makhleb
   546 | D        | Gained mutation: You passively map the area around you. [Deep Dwarf growth]
   546 | D        | Reached XP level 9. HP: 73/97 MP: 9/9
   553 | D        | Killed a komodo dragon
   553 | D        | Reached skill level 16 in Maces & Flails
   571 | D        | Reached ***** piety under Makhleb
   574 | D        | Reached skill level 17 in Maces & Flails
   638 | D        | Noticed a spiny frog
   640 | D        | Noticed a komodo dragon
   644 | D        | Killed a spiny frog
   648 | D        | Noticed a black mamba
   658 | D        | Noticed a rime drake
   673 | D        | Killed a komodo dragon
   673 | D        | Reached ****** piety under Makhleb
   673 | D        | Reached XP level 10. HP: 66/108 MP: 10/10
   680 | D        | Killed a black mamba
   680 | D        | Reached skill level 18 in Maces & Flails
   843 | D        | Noticed a spiny frog
   859 | D        | Killed a spiny frog
   947 | D        | Noticed Joseph
   957 | D        | Killed Joseph
   957 | D        | Reached skill level 19 in Maces & Flails
  1063 | D        | Noticed an orc knight
  1071 | D        | Noticed an orc knight
  1078 | D        | Killed an orc knight
  1084 | D        | Noticed an orc sorcerer
  1087 | D        | Noticed a sun demon
  1093 | D        | Killed an orc knight
  1135 | D        | Killed from afar by an orc sorcerer

Skill      XL: |  1  2  3  4  5  6  7  8  9 10 |
---------------+-------------------------------+-----
Fighting       | 4 5 6 7 8 9 11 12 13 | 13.7
Maces & Flails | 5 7 9 10 12 14 15 17 19 | 19.6
Armour         | |  3.2
Shields        | |  3.2

Action                   |  1- 3 |  4- 6 |  7- 9 | 10-12 || total
-------------------------+-------+-------+-------+-------++-------
Melee: Flail             |    35 |    10 |       |       ||    45
       Morningstar       |       |    17 |    98 |    70 ||   185
  Use: Potion            |     1 |       |     4 |     2 ||     7
       Scroll            |       |       |     2 |     5 ||     7
  Eat: Chunk             |       |       |       |     1 ||     1
Armor: Scale mail        |    15 |     5 |    15 |     7 ||    42
       Plate armour      |       |       |       |     8 ||     8
Dodge: Dodged            |     5 |     6 |    16 |     9 ||    36
Block: Shield            |    20 |    10 |    30 |    20 ||    80
